 Dungeon Crawl Stone Soup version 0.20-a0-16-g0876c8e (webtiles) character file.

223 Glaeka the Stinger (level 6, -1/41 HPs)
             Began as a Hill Orc Venom Mage on Nov 3, 2016.
             Was an Initiate of Beogh.
             Slain by Grinder (2 damage)
             ... on level 4 of the Dungeon.
             The game lasted 00:22:37 (2156 turns).

Glaeka the Stinger (Hill Orc Venom Mage)            Turns: 2156, Time: 00:22:39

Health: -1/41      AC:  3    Str: 10 (11) XL:     6   Next: 0%
Magic:  9/9        EV: 12    Int: 16 (17) God:    Beogh [......]
Gold:   66         SH:  0    Dex: 10 (11) Spells: 3 memorised, 4 levels left

rFire  . . .     SeeInvis .     a - +2 whip (elec)
rCold  . . .     Gourm    .     f - +0 robe
rNeg   . . .     Faith    .     (no shield)
rPois  .         Spirit   .     (no helmet)
rElec  .         Reflect  .     (no cloak)
rCorr  .         Harm     .     l - +0 pair of gloves
MR     .....                    (no boots)
Stlth  ++........               (no amulet)
                                (no ring)
                                (no ring)

@: no status effects
A: deterioration 2, frail 1, screaming 1, MP-powered wands
a: Renounce Religion


You were on level 4 of the Dungeon.
You worshipped Beogh.
Beogh was noncommittal.
You were not hungry.

You visited 1 branch of the dungeon, and saw 4 of its levels.

You collected 66 gold pieces.

Inventory:

Hand Weapons
 a - a +2 whip of electrocution (weapon)
 i - a +0 dagger
Missiles
 d - 2 tomahawks (quivered)
Armour
 f - a +0 robe (worn)
 l - a +0 pair of gloves (worn)
Jewellery
 j - a cursed -3 ring of slaying {unknown}
 p - an uncursed amulet of the gourmand {unknown}
 r - an uncursed amulet of rage {unknown}
Wands
 t - a wand of digging (12/24)
Scrolls
 e - a scroll of random uselessness {unknown}
 h - a scroll of identify {unknown}
 k - 3 scrolls of recharging {unknown}
 q - a scroll of magic mapping {unknown}
 v - a scroll of remove curse {unknown}
Potions
 g - 4 potions of curing {unknown}
 m - 2 potions of degeneration {unknown}
 n - a potion of might {unknown}
Books
 b - a Young Poisoner's Handbook

   Spells                             Type                      Level
   a - Sting                          Conjuration/Poison           1
   b - Mephitic Cloud                 Conjuration/Poison/Air       3
   c - Olgreb's Toxic Radiance        Poison                       4
   d - Alistair's Intoxication        Transmutation/Poison         5
   e - Venom Bolt                     Conjuration/Poison           5
 s - a book of Conjurations

   Spells                             Type                      Level
   a - Magic Dart                     Conjuration                  1
   b - Searing Ray                    Conjuration                  2
   c - Dazzling Spray                 Conjuration/Hexes            3
   d - Fulminant Prism                Conjuration/Hexes            4
   e - Iskenderun's Mystic Blast      Conjuration                  4
   f - Iskenderun's Battlesphere      Conjuration/Charms           5
Comestibles
 c - 2 bread rations
 o - a meat ration


   Skills:
 + Level 0.5 Fighting
 - Level 1.5 Dodging
 - Level 1.5 Stealth
 + Level 2.6 Spellcasting
 + Level 2.1 Conjurations
 * Level 5.3 Poison Magic


You had 4 spell levels left.
You knew the following spells:

 Your Spells              Type           Power        Failure   Level  Hunger
a - Sting                 Conj/Pois      ##..         6%          1    #......
b - Mephitic Cloud        Conj/Pois/Air  ##......     21%         3    ###....
c - Searing Ray           Conj           #.....       14%         2    ##.....


Dungeon Overview and Level Annotations

Branches:
Dungeon (4/15)
 Temple: D:4-7

Altars:
Fedhas
Kikubaaqudgha
Makhleb
Okawaru
Trog
Yredelemnul
Jiyva

Annotations:
D:4 Grinder


Innate Abilities, Weirdness & Mutations

Your body often deteriorates upon taking damage.
You are frail. (-10% HP)
You occasionally shout uncontrollably at your foes.
You expend magic power (3 MP) to strengthen your wands.


Message History

Grinder hits you!
You writhe in agony.
You closely miss Grinder.
Grinder is heavily wounded.
Grinder hits you!
Your body deteriorates!
You feel dopey.
You writhe in agony.
Grinder barely misses you.
You closely miss Grinder.
Grinder is heavily wounded.
Grinder hits you.
* * * LOW HITPOINT WARNING * * *
You writhe in agony.
* * * LOW HITPOINT WARNING * * *
Your body deteriorates!
You feel clumsy.
You barely miss Grinder.
Grinder is heavily wounded.
Grinder hits you!
* * * LOW HITPOINT WARNING * * *
Your body deteriorates!
You feel weakened.
You writhe in agony.
You die...

##..........#.##oo.#.#
.............'....o...#
###..........####...###
...#.......##.....##
###.##.....###.##..# #
##...## #.##..#
###.####'## #.##..#
#.........# #.##..#
#.#.####@.# #o##..#
#5.# #o##..# ...#
#.##..# ..... #..o..#
.#...## ####.##
......#######.# #.
............# .
....##########


You could see Grinder.

Vanquished Creatures
  2 hounds
  Natasha (thrice) (D:3)
  3 adders (D:3)
  2 worms
  3 dart slugs
  2 leopard geckos (D:2)
  An orc (D:4)
  5 giant cockroaches
  6 goblins
  7 hobgoblins
  2 jackals (D:4)
  5 kobolds
  A ball python (D:2)
  2 frilled lizards
  3 rats
47 creatures vanquished.

Notes
Turn   | Place    | Note
-------+----------+-------------------------------------------
     0 | D:1      | Glaeka the Hill Orc Venom Mage began the quest for the Orb.
     0 | D:1      | Reached XP level 1. HP: 14/14 MP: 3/3
   338 | D:1      | Reached XP level 2. HP: 10/20 MP: 2/4
   354 | D:1      | Reached skill level 4 in Poison Magic
   584 | D:2      | Found an ancient bone altar of Kikubaaqudgha.
   666 | D:2      | Found a basalt altar of Yredelemnul.
   667 | D:2      | Found a blossoming altar of Fedhas.
   912 | D:2      | Found an iron altar of Okawaru.
  1099 | D:2      | Reached XP level 3. HP: 26/26 MP: 1/5
  1108 | D:2      | Learned a level 3 spell: Mephitic Cloud
  1127 | D:2      | Found a bloodstained altar of Trog.
  1246 | D:3      | Noticed Natasha
  1261 | D:3      | Killed Natasha
  1262 | D:3      | Reached skill level 1 in Conjurations
  1262 | D:3      | Reached XP level 4. HP: 8/33 MP: 3/6
  1433 | D:3      | Noticed Natasha
  1453 | D:3      | Killed Natasha
  1706 | D:3      | Reached skill level 5 in Poison Magic
  1742 | D:3      | Reached XP level 5. HP: 28/38 MP: 0/8
  1761 | D:3      | Learned a level 2 spell: Searing Ray
  1769 | D:3      | Found a faded altar of an unknown god.
  1786 | D:3      | Became a worshipper of Jiyva Jawuur the Shapeless
  1786 | D:3      | Reached * piety under Jiyva
  1797 | D:3      | Fell from the grace of Jiyva
  1847 | D:3      | Noticed Natasha
  1857 | D:3      | Killed Natasha
  1899 | D:3      | Found a burning altar of Makhleb.
  1913 | D:3      | Became a worshipper of Makhleb the Destroyer
  1941 | D:3      | Gained mutation: Your body sometimes deteriorates upon taking damage. [the vengeance of Jiyva]
  1941 | D:3      | Gained mutation: You expend magic power (3 MP) to strengthen your wands. [the vengeance of Jiyva]
  1941 | D:3      | Gained mutation: You occasionally shout uncontrollably at your foes. [the vengeance of Jiyva]
  2060 | D:4      | Reached XP level 6. HP: 45/46 MP: 7/9
  2074 | D:4      | Fell from the grace of Makhleb
  2074 | D:4      | Became a worshipper of Beogh the Brigand
  2146 | D:4      | Noticed Grinder
  2147 | D:4      | Gained mutation: You are frail. (-10% HP) [potion of mutation]
  2147 | D:4      | Gained mutation: Your body often deteriorates upon taking damage. [potion of mutation]
  2156 | D:4      | HP: 1/41 [Grinder (7)]
  2156 | D:4      | Slain by Grinder

Vault maps used:
D:1:      ncdulo_lavacross
D:2:      lemuel_doored_altar, lightli_temple_of_fire,
          nicolae_overflow_hidden_temple, okawaru_metal_pillars_1_2
D:3:      kennysheep_big_flooded_room, makhleb_blood_cavern_becter,
          ecumenical_altar_2, grunt_ministairs_15, uniq_natasha
D:4:      first_bread, serial_shops, shop, uniq_grinder

Skill      XL: |  1  2  3  4  5 |
---------------+----------------+-----
Poison Magic   | 4 5 |  5.3
Conjurations   | 1 2 |  2.1
Spellcasting   | 2 |  2.6
Fighting       | |  0.5
Dodging        | |  1.5
Stealth        | |  1.5

Action                   |  1- 3 |  4- 6 || total
-------------------------+-------+-------++-------
Melee: Unarmed           |    27 |       ||    27
       Dagger            |     9 |       ||     9
       Whip              |    10 |    70 ||    80
 Cast: Sting             |    40 |    43 ||    83
       Searing Ray       |       |     2 ||     2
Invok: Renounce Religion |       |     1 ||     1
       Convert to Beogh  |       |     1 ||     1
  Use: Potion            |       |     1 ||     1
  Eat: Chunk             |     2 |     4 ||     6
Armor: Robe              |     5 |    18 ||    23
Dodge: Dodged            |    27 |    55 ||    82
